 Dungeon Sprint DCSS version 0.20-a0-40-gb6e7b4f (webtiles) character file.

625 esc the Thaumaturge (level 7, -7/45 HPs)
             Began as a Deep Elf Fire Elementalist on Nov 11, 2016.
             Was an Initiate of Vehumet.
             Mangled by Sonja
             ... wielding a +2 short sword of venom
              (8 damage)
             ... in the Dungeon (Sprint I: "Red Sonja").
             The game lasted 00:02:56 (925 turns).

esc the Thaumaturge (Deep Elf Fire Elementalist)     Turns: 925, Time: 00:02:57

Health: -7/45      AC:  2    Str:  5    XL:     7   Next: 23%
Magic:  18/22      EV: 18    Int: 22    God:    Vehumet [......]
Gold:   316        SH:  0    Dex: 15    Spells: 3 memorised, 15 levels left

rFire  . . .     SeeInvis .     k - +1 scythe (venom)
rCold  . . .     Gourm    .     a - +0 robe
rNeg   . . .     Faith    .     (shield currently unavailable)
rPois  .         Spirit   .     (no helmet)
rElec  .         Reflect  .     (no cloak)
rCorr  .         Harm     .     (no gloves)
MR     .....     NoTele   +     (no boots)
Stlth  ++........               (no amulet)
                                (no ring)
                                (no ring)

@: lethally poisoned (-7 -> -26), slowed, very slow
A: no striking features
a: Renounce Religion


You were in the Dungeon.
You worshipped Vehumet.
Vehumet was noncommittal.
You were not hungry.

You visited 1 branch You collected 316 gold pieces.

Inventory:

Hand Weapons
 h - a +0 club
   (You took it off Ijyb in the Dungeon)
 k - a +1 scythe of venom (weapon)
   (You took it off Sigmund in the Dungeon)
Armour
 a - a +0 robe (worn)
Wands
 j - a wand of flame (29/48)
   (You took it off Ijyb in the Dungeon)
Scrolls
 i - a scroll of blinking {!r}
Potions
 e - a potion of heal wounds
 f - a potion of haste
 g - 2 potions of magic
Books
 b - a book of Flames
Comestibles
 c - a bread ration {@e1}


   Skills:
 + Level 5.7 Fighting
 + Level 8.8 Dodging
 - Level 2.4 Stealth
 + Level 9.8 Spellcasting
 + Level 7.7 Conjurations
 + Level 8.4 Fire Magic


You had 15 spell levels left.
You knew the following spells:

 Your Spells              Type           Power        Failure   Level  Hunger
a - Flame Tongue          Conj/Fire      #####        1%          1    None
f - Fireball              Conj/Fire      #####.....   8%          5    ####...
s - Sticky Flame          Conj/Fire      #####...     1%          4    ##.....


Dungeon Overview and Level Annotations

Branches:
Dungeon (1/1)

Altars:
Cheibriados
Dithmenos
Elyvilon
Fedhas
Gozag
Hepliaklqana
Kikubaaqudgha
Makhleb
Nemelex Xobeh
Okawaru
Qazlal
Ru
Sif Muna
Trog
Uskayaw
Vehumet
Xom
Yredelemnul
Zin
The Shining One
Jiyva
Lugonu

Shops:
D }

Annotations:
D Sonja


Message History

Aim: a slime creature (heavily wounded)
The sticky flame hits the slime creature.
The slime creature is covered in liquid flames!
The slime creature burns!
The slime creature misses you.
You now have 12/20 mp.
The slime creature burns!
There is an open door here.
The slime creature burns!
The slime creature burns!
You see here a giant club.
The slime creature burns!
There is an open door, spattered with blood here.
The slime creature burns!
You kill the slime creature!
Vehumet accepts your kill.
Your Fire Magic skill increases to level 8!
You have reached level 7!
You regained 5 hp, and now have 42/45 hp.
There is an open door, spattered with blood here.
There is an open door here.
There is an open door here.
Things that are here:
a scythe of venom; a robe
There is an open door here.
There is an open door here.
Things that are here:
a scythe of venom; a robe Wield which item (- for none, * to show all)? (? for menu, Esc to quit)
Okay, then.
Things that are here:
a scythe of venom; a robe
k - a scythe of venom Wield which item (- for none, * to show all)? (? for menu, Esc to quit)
You are wearing that object!
Wield which item (- for none, * to show all)? (? for menu, Esc to quit)
Your +1 scythe of venom begins to drip with poison!
k - a +1 scythe of venom (weapon)
Health restored: 45
There is an open door here.
There is an open door here.
You start resting.
MP restored: 22 You open the door.
Sonja, the Graceful Assassin comes into view.
She is wielding a short sword of venom.
Sonja shouts!
Sonja unwields an uncursed short sword of venom.
It stops dripping with poison.
Sonja wields an uncursed blowgun.
Sonja shoots a curare-tipped needle.
The curare-tipped needle hits you.
You are poisoned.
You have difficulty breathing.
You feel yourself slow down.
There is an open door here.
You take 8 damage, and have 37/45 hp.
Unknown command.
Unknown command.
Unknown command.
You feel sick.
Sonja unwields an uncursed blowgun.
Sonja wields an uncursed short sword of venom.
It begins to drip with poison!
Sonja hits you with an uncursed short sword of venom!
You are more poisoned.
Sonja closely misses you.
Sonja hits you with an uncursed short sword of venom.
You take 15 damage, and have 22/45 hp.
MASSIVE DAMAGE!!
Unknown command.
Unknown command.
Aim: Sonja, wielding a short sword of venom The sticky flame hits Sonja.
Sonja is covered in liquid flames!
You feel sick.
Sonja burns! x2; Sonja completely misses you.
Sonja hits you with an uncursed short sword of venom.
You are lethally poisoned!
Sonja hits you with an uncursed short sword of venom.
You are more poisoned.
Sonja hits you with an uncursed short sword of venom.
* * * LOW HITPOINT WARNING * * *
You are more poisoned.
Sonja hits you with an uncursed short sword of venom.
* * * LOW HITPOINT WARNING * * *
Sonja hits you with an uncursed short sword of venom.
* * * LOW HITPOINT WARNING * * *
You are more poisoned.
You take 15 damage, and have 7/45 hp.
MASSIVE DAMAGE!!
You now have 18/22 mp.
Unknown command.
Unknown command.
Unknown command.
You feel better.
Sonja burns!
Sonja hits you with an uncursed short sword of venom.
* * * LOW HITPOINT WARNING * * *
Sonja hits you with an uncursed short sword of venom.
* * * LOW HITPOINT WARNING * * *
You are lethally poisoned!
Sonja hits you with an uncursed short sword of venom.
* * * LOW HITPOINT WARNING * * *
You are more poisoned.
Sonja hits you with an uncursed short sword of venom!
You die...

#..').#..'[.#..'^.+
#..#####'#####'#__#
#..####..#...#.# ##
#..#__####..##.#
#..#_____##'#..+
#⌠⌠#_.∩...'..._#
####_..__##_.#'#
#_____###'#[#
####### #@###


+$K$+ #$.$# ##.## #+# You could see Sonja (burning).

Vanquished Creatures
  A slime creature (D)
  Sigmund (D)
  A yak (D)
  An ogre (D)
  A jelly (D)
  Ijyb (D)
6 creatures vanquished.

Notes
Turn   | Place    | Note
-------+----------+-------------------------------------------
     0 | D        | esc the Deep Elf Fire Elementalist began the quest for the Orb.
     0 | D        | Reached XP level 1. HP: 10/10 MP: 6/6
     1 | D        | Noticed Ijyb
     6 | D        | HP: 3/15 [Ijyb/club (1)]
     9 | D        | Killed Ijyb
     9 | D        | Reached skill level 1 in Fighting
     9 | D        | Reached skill level 3 in Dodging
     9 | D        | Reached skill level 4 in Spellcasting
     9 | D        | Reached skill level 2 in Conjurations
     9 | D        | Reached skill level 4 in Fire Magic
     9 | D        | Reached XP level 2. HP: 5/17 MP: 4/9
   249 | D        | Noticed an ogre
   254 | D        | Killed an ogre
   254 | D        | Reached skill level 3 in Fighting
   254 | D        | Reached skill level 5 in Dodging
   254 | D        | Reached skill level 6 in Spellcasting
   254 | D        | Reached skill level 4 in Conjurations
   254 | D        | Reached skill level 5 in Fire Magic
   254 | D        | Reached XP level 3. HP: 11/23 MP: 4/12
   254 | D        | Reached XP level 4. HP: 13/28 MP: 4/14
   272 | D        | Learned a level 4 spell: Sticky Flame
   412 | D        | Noticed Sigmund
   416 | D        | HP: 3/28 [Sigmund/scythe of venom (10)]
   418 | D        | Killed Sigmund
   418 | D        | Reached skill level 4 in Fighting
   418 | D        | Reached skill level 7 in Dodging
   418 | D        | Reached skill level 8 in Spellcasting
   418 | D        | Reached skill level 6 in Conjurations
   418 | D        | Reached skill level 7 in Fire Magic
   418 | D        | Reached XP level 5. HP: 4/34 MP: 1/17
   418 | D        | Reached XP level 6. HP: 5/39 MP: 1/19
   692 | D        | Found a deep blue altar of Sif Muna.
   694 | D        | Found a radiant altar of Vehumet.
   713 | D        | Became a worshipper of Vehumet
   728 | D        | Found Sivvic's Gadget Emporium.
   728 | D        | Found an ancient bone altar of Kikubaaqudgha.
   728 | D        | Found a hazy altar of Hepliaklqana.
   728 | D        | Found a stormy altar of Qazlal.
   728 | D        | Found a hide-covered altar of Uskayaw.
   728 | D        | Found a blossoming altar of Fedhas.
   728 | D        | Found a bloodstained altar of Trog.
   728 | D        | Found an iron altar of Okawaru.
   728 | D        | Found a basalt altar of Yredelemnul.
   728 | D        | Found a glowing golden altar of the Shining One.
   728 | D        | Found a snail-covered altar of Cheibriados.
   728 | D        | Found a sacrificial altar of Ru.
   728 | D        | Found a glowing silver altar of Zin.
   728 | D        | Found a shadowy altar of Dithmenos.
   728 | D        | Found a white marble altar of Elyvilon.
   728 | D        | Noticed a yak
   738 | D        | Killed a yak
   738 | D        | Reached skill level 5 in Fighting
   738 | D        | Reached skill level 8 in Dodging
   738 | D        | Reached skill level 9 in Spellcasting
   738 | D        | Reached skill level 7 in Conjurations
   748 | D        | Found an opulent altar of Gozag.
   749 | D        | Found a sparkling altar of Nemelex Xobeh.
   859 | D        | Learned a level 5 spell: Fireball
   863 | D        | Found a burning altar of Makhleb.
   863 | D        | Found a viscous altar of Jiyva.
   863 | D        | Found a shimmering altar of Xom.
   863 | D        | Found a corrupted altar of Lugonu.
   863 | D        | Noticed a slime creature
   878 | D        | Killed a slime creature
   878 | D        | Reached skill level 8 in Fire Magic
   878 | D        | Reached XP level 7. HP: 42/45 MP: 14/22
   921 | D        | Noticed Sonja
   924 | D        | HP: 10/45 [Sonja/uncursed short sword of venom (2)]
   925 | D        | HP: 1/45 [Sonja/uncursed short sword of venom (5)]
   925 | D        | Mangled by Sonja

Vault maps used:
D:        dungeon_sprint_1

Skill      XL: |  1  2  3  4  5  6 |
---------------+-------------------+-----
Fighting       | 1 3 4 5 |  5.7
Dodging        | 3 5 7 8 |  8.8
Spellcasting   | 4 6 8 9 |  9.8
Conjurations   | 2 4 6 7 |  7.7
Fire Magic     | 4 5 7 8 |  8.4
Stealth        | |  2.4

Action                   |  1- 3 |  4- 6 |  7- 9 || total
-------------------------+-------+-------+-------++-------
Melee: Unarmed           |     5 |       |       ||     5
 Cast: Flame Tongue      |     6 |     8 |       ||    14
       Sticky Flame      |       |     5 |     1 ||     6
  Use: Potion            |     1 |     1 |     1 ||     3
Armor: Robe              |       |     1 |       ||     1
Dodge: Dodged            |     2 |     1 |     2 ||     5

Vault maps used:
D:        dungeon_sprint_1

Table legend:
 A = Turns spent in this place as a percentage of turns spent in the entire game.
 B = Non-inter-level travel turns spent in this place as a percentage of non-inter-level travel turns spent in the entire game.
 C = Inter-level travel turns spent in this place as a percentage of turns spent in this place.
 D = Turns resting spent in this place as a percentage of non-inter-level travel turns spent in this place.
 E = Turns spent auto-exploring this place as a percentage of non-inter-level travel turns spent in this place.
 F = Non-inter-level travel turns spent in this place divided by the number of levels of this place that you've seen.
                   A       B       C       D       E      F
               +-------+-------+-------+-------+-------+----------------------
         Total | 100.0 | 100.0 |   0.0 |   7.4 |   0.0 | 189.0
       Dungeon | 100.0 | 100.0 |   0.0 |   7.4 |   0.0 | 189.0
               +-------+-------+-------+-------+-------+----------------------

Table legend:
 A = Kills in this place as a percentage of kills in entire the game.
 B = Kills by you in this place as a percentage of kills by you in the entire game.
 C = Kills by friends in this place as a percentage of kills by friends in the entire game.
 D = Other kills in this place as a percentage of other kills in the entire game.
 E = Experience gained in this place as a percentage of experience gained in the entire game.
 F = Experience gained in this place divided by the number of levels of this place that you have seen.
                   A       B       C       D       E      F
               +-------+-------+-------+-------+-------+----------------------
         Total | 100.0 | 100.0 |  -nan |  -nan | 100.0 | 894.0
       Dungeon | 100.0 | 100.0 |  -nan |  -nan | 100.0 | 894.0
               +-------+-------+-------+-------+-------+----------------------
